 Dungeon Crawl Stone Soup version 0.31-a0-1074-g0b22e4e0f1 (webtiles) character file.

Game seed: 6576942128472232836

1237 Dittersdorf the Shield-Bearer (level 8, -2/52 HPs)
             Began as a Gargoyle Fighter on Nov 27, 2023.
             Killed from afar by an orc wizard (6 damage)
             ... with a puff of flame
             ... on level 5 of the Dungeon.
             The game lasted 00:06:55 (4905 turns).

Dittersdorf the Shield-Bearer (Gargoyle Fighter)    Turns: 4905, Time: 00:06:56

Health: -2/52      AC: 18    Str: 23    XL:     8   Next: 49%
Magic:  8/8        EV: 14    Int:  8    God:
Gold:   377        SH:  5    Dex:  9    Spells: 7/7 levels left

rFire   . . .        a - +1 flail
rCold   . . .        c - +0 buckler
rNeg    + . .        x - +3 scale mail
rPois   ∞            u - +0 helmet
rElec   +            (no cloak)
rCorr   .            g - +0 pair of gloves
SInv    .            (no boots)
Will    +....        (no amulet) Stlth
                     e - ring of willpower
HPRegen 0.28/turn    h - +5 ring of evasion
MPRegen 0.11/turn

%: no passive effects
@: no status effects
A: sickness immunity, AC +5, negative energy resistance 1, electricity
resistance, torment resistance 1, petrification resistance
a: no special abilities


You were on level 5 of the Dungeon.
You visited 1 branch of the dungeon, and saw 5 of its levels.

You collected 377 gold pieces.

Inventory:

Hand Weapons
 a - a +1 flail (weapon)
Armour
 c - a +0 buckler (worn)
 g - a +0 pair of gloves (worn)
 u - a +0 helmet (worn)
 x - a +3 scale mail (worn)
Jewellery
 e - a ring of willpower (left hand)
 h - a +5 ring of evasion (right hand)
Wands
 w - a wand of roots (8)
Scrolls
 f - 2 scrolls of revelation {unknown}
 k - a scroll of butterflies {unknown}
 m - a scroll of identify
 q - 3 scrolls of teleportation
Potions
 b - a potion of haste {unknown}
 d - 2 potions of might
 i - a potion of lignification {unknown}
 j - a potion of magic {unknown}
 l - a potion of invisibility {unknown}
 n - 3 potions of brilliance {unknown}
 o - 3 potions of curing {unknown}
 p - 2 potions of degeneration {unknown}
 s - a potion of cancellation
 t - 2 potions of resistance


   Skills:
 + Level 6.3 Fighting
 + Level 5.2 Maces & Flails
 + Level 6.3 Armour
 + Level 6.3 Shields


You had 7 spell levels left.
You didn't know any spells.
Your spell library contained the following spells:

 Spells                   Type           Power      Damage    Failure   Level
 Slow                     Hex            0%         N/A       77%         1
 Ensorcelled Hibernation  Hex/Ice        0%         N/A       88%         2
 Jinxbite                 Hex            0%         N/A       88%         2
 Call Canine Familiar     Summ           0%         N/A       98%         3
 Confusing Touch          Hex            0%         N/A       98%         3
 Sigil of Binding         Hex            0%         N/A       98%         3
 Summon Guardian Golem    Hex/Summ       0%         N/A       98%         3
 Vampiric Draining        Necr           0%         2d6       98%         3
 Anguish                  Hex/Necr       0%         N/A       100%        4
 Dimensional Bullseye     Hex/Tloc       0%         N/A       100%        4
 Leda's Liquefaction      Hex/Erth       0%         N/A       100%        4
 Orb of Destruction       Conj           0%         9d5       100%        7
 Spellforged Servitor     Conj/Summ      0%         N/A       100%        7


Dungeon Overview and Level Annotations

Branches:
Dungeon (5/15)
 Temple: D:4-7

Altars:
Fedhas
Nemelex Xobeh
Uskayaw
Yredelemnul

Annotations:
D:3 3 runed translucent doors, Cadnt's ghost, amateur OpFi


Innate Abilities, Weirdness & Mutations

You are immune to sickness and miasma.
Your stone body is resilient. (AC +5)
You are immune to poison.
You resist negative energy. (rN+)
You are resistant to electric shocks. (rElec)
You are resistant to unholy torment.
You are immune to petrification.


Message History

You are too injured to fight recklessly!
You thump the orc priest!
The orc priest is severely wounded.
You block the orc priest's attack.
You barely miss the orc priest.
The orc priest is severely wounded.
The orc priest barely misses you.
You closely miss the orc priest.
The orc priest is severely wounded.
You sock the orc priest!
You kill the orc priest!
You hit the orc.
The orc is severely wounded.
You hit the orc.
You kill the orc!
You barely miss something. Something hits you but does no damage.
You barely miss something. Something hits you but does no damage.
You hit something. Something hits you.
* * * LOW HITPOINT WARNING * * *
You hit something. Something hits you but does no damage.
You hit something but do no damage. Something hits you but does no damage.
You hear some strange, mumbled words.
Something tries to affect you, but you resist.
You miss something. Something hits you.
* * * LOW HITPOINT WARNING * * *
You hit something. Something hits you.
* * * LOW HITPOINT WARNING * * *
You miss something. Something barely misses you.
You hit something.
You hear some strange, mumbled words.
A puff of flame appears from out of thin air!
The puff of flame hits you!
* * * LOW HITPOINT WARNING * * *
You miss something. Something hits you but does no damage. Something hits you.
* * * LOW HITPOINT WARNING * * *
You miss something.
You hear some strange, mumbled words.
A puff of flame appears from out of thin air!
The puff of flame hits you.
You die...

..###.#
#.# #...#
.## .#
#.###...#
.#
#......##
.#
######.#
#.# #.#
#.#
########.#
....oo{@.#
##########


You could see 2 orcs.

Vanquished Creatures
  Eustachio (D:4)
  Duvessa (D:4)
  2 black bears (D:5)
  An ice beast (D:5)
  2 scorpions
  Dowan (D:3)
  A jelly (D:5)
  2 hounds (D:5)
  4 orc priests
  A sleepcap (D:5)
  A scorpion zombie (D:3)
  Ijyb (D:4)
  Robin (D:2)
  7 gnolls
  4 adders
  A white imp (D:5)
  5 worms
  5 dart slugs
  15 orcs
  2 bat skeletons (D:2)
  8 endoplasms
  4 giant cockroaches
  15 goblins
  11 hobgoblins
  8 jackals
  4 kobolds
  5 quokkas
  9 ball pythons
  4 ball python skeletons (D:2)
  2 ball python zombies (D:2)
  2 bats (D:1)
  3 frilled lizards
  2 jackal skeletons (D:2)
  2 jackal zombies
  2 quokka skeletons (D:2)
139 creatures vanquished.

Notes
Turn   | Place    | Note
-------+----------+-------------------------------------------
     0 | D:1      | Dittersdorf the Gargoyle Fighter began the quest for the
                  | Orb.
     0 | D:1      | Reached XP level 1. HP: 14/14 MP: 1/1
   168 | D:1      | Reached XP level 2. HP: 19/19 MP: 2/2
   385 | D:1      | Reached XP level 3. HP: 23/23 MP: 3/3
   935 | D:2      | Reached XP level 4. HP: 19/29 MP: 4/4
  1037 | D:2      | Found a faded altar of an unknown god.
  1079 | D:2      | Found a hide-covered altar of Uskayaw.
  1887 | D:2      | Reached XP level 5. HP: 30/33 MP: 5/5
  1899 | D:3      | Noticed Robin
  1934 | D:2      | Killed Robin
  2487 | D:3      | Found a runed translucent gate.
  2487 | D:3      | Found a runed translucent gate.
  2487 | D:3      | Found a runed translucent gate.
  2487 | D:3      | Noticed Cadnt's ghost (amateur OpFi)
  2489 | D:3      | Found a basalt altar of Yredelemnul.
  2598 | D:4      | Noticed Ijyb
  2616 | D:3      | Reached XP level 6. HP: 13/39 MP: 6/6
  2756 | D:4      | Killed Ijyb
  2885 | D:4      | Noticed Eustachio
  2890 | D:4      | Noticed Duvessa
  2892 | D:4      | Noticed Dowan
  2914 | D:4      | Killed Duvessa
  2915 | D:4      | Reached skill level 5 in Shields
  2985 | D:3      | Killed Dowan
  2986 | D:3      | Reached skill level 5 in Fighting
  2986 | D:3      | Reached skill level 5 in Armour
  2986 | D:3      | Reached XP level 7. HP: 16/44 MP: 7/7
  3340 | D:4      | Killed Eustachio
  3625 | D:4      | Found a blossoming altar of Fedhas.
  4089 | D:5      | Entered Level 5 of the Dungeon
  4238 | D:5      | Reached XP level 8. HP: 51/51 MP: 8/8
  4340 | D:5      | Reached skill level 5 in Maces & Flails
  4555 | D:5      | Found a sparkling altar of Nemelex Xobeh.
  4905 | D:5      | Killed from afar by an orc wizard

Illustrated notes

Levels and vault maps discovered:
D:1:      dpeg_arrival_snail, layout_basic
D:2:      layout_basic, serial_undead, serial_undead_c, serial_undead_a,
          serial_undead_f, serial_undead_f, serial_undead_e, serial_undead_b,
          serial_undead_b, serial_undead_d, serial_undead_b, serial_undead_f,
          dreamdust_ecumenical_altar_statues, basic_altar
D:3:      layout_basic, nicolae_yredelemnul_ghost_church, uniq_robin
D:4:      layout_rooms, fedhas_altar_1, uniq_ijyb, uniq_eustachio, uniq_duvessa
D:5:      minmay_bubble_buster, layout_loops_ring,
          nicolae_overflow_crystal_walls

Skill      XL: |  1  2  3  4  5  6  7  8 |
---------------+-------------------------+-----
Fighting       | 4 5 6 |  6.3
Armour         | 4 5 6 |  6.3
Shields        | 4 5 6 |  6.3
Maces & Flails | 3 4 5 |  5.2

Action                     |  1- 3 |  4- 6 |  7- 9 || total
---------------------------+-------+-------+-------++-------
  Melee: Flail             |    90 |   223 |   266 ||   579
  Evoke: Wand              |       |     3 |       ||     3
    Use: Scroll            |       |       |     7 ||     7
 Armour: Scale mail        |    19 |    46 |   217 ||   282
         Chain mail        |    41 |   121 |       ||   162
  Dodge: Dodged            |    35 |   196 |   284 ||   515
  Block: Buckler           |    24 |    67 |    95 ||   186

Table legend: (Time is in decaauts)
 A = Elapsed time spent in this place.
 B = Non-inter-level travel time spent in this place.
 C = Inter-level travel time spent in this place.
 D = Time resting spent in this place.
 E = Time spent auto-exploring this place.
 F = Levels seen in this place.
 G = Mean time per level.
                   A        B        C        D        E       F      G
               +--------+--------+--------+--------+--------+-----+--------+
         Total |   5065 |   4829 |    236 |    774 |   2753 |   5 | 1013.0 |
       Dungeon |   5065 |   4829 |    236 |    774 |   2753 |   5 | 1013.0 |
               +--------+--------+--------+--------+--------+-----+--------+

Top non-repeatable levels by time:
     D:3: 1352 daAuts
     D:2: 1123 daAuts
     D:1: 906 daAuts
     D:4: 877 daAuts
     D:5: 805 daAuts
